 Dungeon Crawl Stone Soup version 0.30-a0-1160-g6e42c06551 (webtiles) character file.

Game seed: 4078295879793679691

259 Sabo the Shield-Bearer (level 6, -2/48 HPs)
             Began as a Formicid Fighter on Apr 25, 2023.
             Killed from afar by Sigmund (8 damage)
             ... with a puff of flame
             ... on level 3 of the Dungeon.
             The game lasted 00:11:04 (2315 turns).

Sabo the Shield-Bearer (Formicid Fighter)           Turns: 2315, Time: 00:11:06

Health: -2/48      AC:  8    Str: 23    XL:     6   Next: 40%
Magic:  6/6        EV: 10    Int:  7    God:
Gold:   162        SH:  0    Dex: 13    Spells: 5/5 levels left

rFire   . . .        a - +0 war axe
rCold   . . .        c - +0 buckler
rNeg    . . .        b - +0 scale mail
rPois   .            (helmet unavailable)
rElec   .            o - +0 cloak
rCorr   .            (no gloves)
SInv    +            (no boots)
Will    .....        (no amulet) Stlth
                     (no ring)
HPRegen 0.28/turn    (no ring)
MPRegen 0.10/turn

%: no passive effects
@: confused, mighty
A: permanent stasis, dig shafts and tunnels, antennae 3, four strong arms
a: Dig, Shaft Self


You were on level 3 of the Dungeon.
You visited 1 branch of the dungeon, and saw 3 of its levels.

You collected 162 gold pieces.

Inventory:

Hand Weapons
 a - a +0 war axe (weapon)
 i - a +2 short sword of venom
 n - a +4 quarterstaff of chaos
Armour
 b - a +0 scale mail (worn)
 c - a +0 buckler (worn)
 o - a +0 cloak (worn)
Scrolls
 f - a scroll of teleportation {unknown}
 g - a scroll of identify {unknown}
 j - a scroll of noise {unknown}
 l - 2 scrolls of immolation {unknown}
 m - a scroll of magic mapping {unknown}
 p - a scroll of poison {unknown}
 q - a scroll of fear {unknown}
Potions
 d - a potion of might
 e - a potion of brilliance {unknown}
 h - a potion of attraction {unknown}
 k - a potion of magic {unknown}


   Skills:
 + Level 4.2 Fighting
 + Level 4.1 Axes
 + Level 4.5 Armour
 + Level 1.3 Dodging
 + Level 0.2 Stealth
 + Level 4.8 Shields


You had 5 spell levels left.
You didn't know any spells.
Your spell library contained the following spells:

 Spells                   Type           Power      Damage    Failure   Level
 Lesser Beckoning         Tloc           0%         N/A       90%         2
 Gell's Gravitas          Tloc           0%         N/A       99%         3
 Hailstorm                Conj/Ice       0%         3d3       99%         3
 Teleport Other           Tloc           0%         N/A       99%         3
 Ice Form                 Ice/Tmut       0%         N/A       100%        4
 Simulacrum               Ice/Necr       0%         N/A       100%        6


Dungeon Overview and Level Annotations

Branches:
Dungeon (3/15)

Altars:

Shops:
D:3 *

Annotations:
D:3 Sigmund


Innate Abilities, Weirdness & Mutations

You cannot be hasted, slowed, berserked, paralysed or teleported.
You can dig through walls and to a lower floor.
You have a pair of large antennae on your head. (SInv)
Your four strong arms can wield two-handed weapons with a shield.


Message History

* * * LOW HITPOINT WARNING * * *
Your Axes skill increases to level 4!
You closely miss the orc.
The orc is lightly wounded.
You slash the orc!
You kill the orc!
You closely miss the quokka.
The quokka bites you but does no damage.
The orc hits you but does no damage. Sigmund closely misses you.
You block the quokka's attack.
You hit the orc.
The orc is severely wounded.
You hit the quokka.
You kill the quokka!
The orc barely misses you. Sigmund closely misses you.
The orc hits you with a +0 whip.
* * * LOW HITPOINT WARNING * * *
A rat comes into view.
You slice the orc!!
You kill the orc!
Sigmund misses you. The frilled lizard bites you.
* * * LOW HITPOINT WARNING * * *
Items here: $ ( ))) [ †.
You closely miss Sigmund. You miss the frilled lizard.
Sigmund barely misses you.
The frilled lizard bites you but does no damage.
You slice Sigmund!!
Sigmund is almost dead.
You barely miss the frilled lizard.
The frilled lizard bites you but does no damage.
Sigmund gestures at you while chanting.
You are confused.
You closely miss Sigmund.
Sigmund is almost dead.
You slash the frilled lizard!
You kill the frilled lizard!
Sigmund casts a spell at you. The puff of flame hits you!
You die...

.......##............
..<........#...........
.#...#####...#..>......
###### ##...........# .
#####..###.......#..
#.....###...........
#.........###.(.....
##########(.@.r.....
##..@)......
#....).?....
........†....∩.
................
.?.##.....######
...#.....## .# #.###..
#+ #.. ###


You could see Sigmund (invisible) and a rat.

Vanquished Creatures
  An orc priest (D:3)
  Crazy Yiuf (D:2)
  Jessica (D:2)
  An orc wizard (D:3)
  Natasha (thrice) (D:2)
  An adder (D:2)
  4 dart slugs
  3 orcs (D:3)
  4 bats
  3 endoplasms (D:1)
  3 goblins
  8 hobgoblins
  7 jackals
  7 kobolds
  3 quokkas
  2 ball pythons (D:1)
  3 frilled lizards
  7 rats
62 creatures vanquished.

Vanquished Creatures (others)
  2 fungi (D:2)
2 creatures vanquished.

Grand Total: 64 creatures vanquished

Notes
Turn   | Place    | Note
-------+----------+-------------------------------------------
     0 | D:1      | Sabo the Formicid Fighter began the quest for the Orb.
     0 | D:1      | Reached XP level 1. HP: 18/18 MP: 1/1
    65 | D:1      | Reached XP level 2. HP: 15/24 MP: 2/2
   388 | D:1      | Reached XP level 3. HP: 30/30 MP: 3/3
   849 | D:1      | Found a faded altar of an unknown god.
  1003 | D:2      | Reached XP level 4. HP: 23/37 MP: 4/4
  1312 | D:2      | Noticed Jessica
  1322 | D:2      | Killed Jessica
  1323 | D:2      | Reached skill level 1 in Dodging
  1433 | D:2      | Noticed Natasha
  1443 | D:2      | Killed Natasha
  1444 | D:2      | Reached XP level 5. HP: 24/42 MP: 5/5
  1738 | D:2      | Noticed Natasha
  1741 | D:2      | Killed Natasha
  1813 | D:2      | Noticed Natasha
  1820 | D:2      | Killed Natasha
  1986 | D:2      | Found a runed translucent door.
  1987 | D:2      | Noticed Crazy Yiuf
  1994 | D:2      | Killed Crazy Yiuf
  1995 | D:2      | Reached XP level 6. HP: 40/48 MP: 6/6
  2288 | D:3      | Found Calawas's Assorted Antiques.
  2303 | D:3      | Noticed Sigmund
  2315 | D:3      | Killed from afar by Sigmund

Illustrated notes

Levels and vault maps discovered:
D:1:      elethiomel_arrival_shortcut, layout_loops_ring,
          shapermc_ecumenical_altar_hornbeckon
D:2:      layout_basic, uniq_natasha, uniq_crazy_yiuf_cottage, uniq_jessica
D:3:      layout_rooms, mainiacjoe_overflow_24_doors, led_sif_pool,
          serial_shops, shop, mrwooster_statue_mirror,
          wander_ebering_terrifying_dragon_lair, uniq_sigmund

Skill      XL: |  1  2  3  4  5  6 |
---------------+-------------------+-----
Armour         | 4 |  4.5
Dodging        | 1 |  1.3
Fighting       | 4 |  4.2
Axes           | 3 4 |  4.1
Stealth        | |  0.2
Shields        | |  4.8

Action                     |  1- 3 |  4- 6 || total
---------------------------+-------+-------++-------
  Melee: War axe           |    70 |    82 ||   152
    Use: Scroll            |       |     1 ||     1
         Potion            |       |     1 ||     1
 Armour: Scale mail        |    30 |    56 ||    86
  Dodge: Dodged            |    33 |    60 ||    93
  Block: Buckler           |    15 |    35 ||    50

Table legend: (Time is in decaauts)
 A = Elapsed time spent in this place.
 B = Non-inter-level travel time spent in this place.
 C = Inter-level travel time spent in this place.
 D = Time resting spent in this place.
 E = Time spent auto-exploring this place.
 F = Levels seen in this place.
 G = Mean time per level.
                   A        B        C        D        E       F      G
               +--------+--------+--------+--------+--------+-----+--------+
         Total |   2384 |   2384 |      0 |    492 |      0 |   3 |  794.7 |
       Dungeon |   2384 |   2384 |      0 |    492 |      0 |   3 |  794.7 |
               +--------+--------+--------+--------+--------+-----+--------+

Top non-repeatable levels by time:
     D:2: 1252 daAuts
     D:1: 982 daAuts
     D:3: 149 daAuts
